 Dungeon Crawl Stone Soup version 0.26.0-10-g1f06aea511 (webtiles) character file.

Game seed: 13844926734414936813

176 inc the Conjurer (level 5, 6/21 HPs)
             Began as a Felid Conjurer on Jan 29, 2021.
             Quit the game on level 4 of the Dungeon.
             The game lasted 00:12:33 (4488 turns).

inc the Conjurer (Felid Conjurer)                   Turns: 4488, Time: 00:12:33

Health: 6/21       AC:  2    Str:  3    XL:     5   Next: 30%
Magic:  12/12      EV: 17    Int: 28    God:
Gold:   258        SH:  0    Dex: 14    Spells: 9/12 levels left
                                        Lives:  0   Deaths: 1

rFire    . . .     SeeInvis +   (weapon unavailable)
rCold    . . .     Faith    .   (shield unavailable)
rNeg     . . .     Spirit   .   (armour unavailable)
rPois    .         Reflect  .   (helmet unavailable)
rElec    .         Harm     .   (cloak unavailable)
rCorr    .         Rampage  .   (gloves unavailable)
Will     .....                  (boots unavailable)
Stlth    +++.......             (no amulet)
HPRegen  0.07/turn              n - +6 ring of intelligence
MPRegen  0.13/turn              (no ring)

@: quick
A: very small, no armour, no weapons or thrown items, stealth, claws 1, fangs 3,
see invisible, speed 1, shaggy fur 2, sharp paws
a: no special abilities


You were on level 4 of the Dungeon.
You visited 1 branch of the dungeon, and saw 4 of its levels.

You collected 258 gold pieces.

Inventory:

Jewellery
 n - a +6 ring of intelligence (left paw)
 r - a +6 ring of dexterity {unknown}
Scrolls
 b - 3 scrolls of blinking {unknown}
 d - a scroll of immolation {unknown}
 e - 5 scrolls of identify {unknown}
 g - 2 scrolls of remove curse {unknown}
 i - 2 scrolls of teleportation {unknown}
 l - a scroll of fog {unknown}
 m - a scroll of magic mapping {unknown}
 p - a scroll of noise {unknown}
 q - a scroll of enchant armour {unknown}
 t - a scroll of random uselessness {unknown}
Potions
 a - a potion of flight {unknown}
 c - a potion of attraction {unknown}
 f - 2 potions of resistance {unknown}
 h - a potion of mutation {unknown}
 j - 2 potions of haste
 k - a potion of lignification {unknown}
 o - 2 potions of curing {unknown}
 s - a potion of degeneration {unknown}
 u - a potion of heal wounds {unknown}


   Skills:
 - Level 2.7 Dodging
 - Level 2.7 Stealth
 - Level 4.4 Spellcasting
 + Level 5.6 Conjurations


You had 9 spell levels left.
You knew the following spells:

 Your Spells              Type           Power        Failure   Level
a - Magic Dart            Conj           100%         1%          1
b - Searing Ray           Conj           74%          1%          2

Your spell library contained the following spells:

 Spells                   Type           Power        Failure   Level
 Conjure Flame            Conj/Fire      22%          7%          3
 Dazzling Flash           Conj/Hex       44%          7%          3
 Mephitic Cloud           Conj/Pois/Air  16%          10%         3
 Blink                    Tloc           N/A          11%         2
 Call Imp                 Summ           6%           11%         2
 Slow                     Hex            6%           11%         2
 Fulminant Prism          Conj/Hex       11%          22%         4
 Iskenderun's Mystic Bla  Conj/Tloc      22%          22%         4


Dungeon Overview and Level Annotations

Branches:
Dungeon (4/15)
 Temple: D:4-7

Altars:
Okawaru
The Shining One

Annotations:
D:4 Ijyb


Innate Abilities, Weirdness & Mutations

You cannot wear armour.
You are incapable of wielding weapons or throwing items.
Your paws allow you to move quietly. (Stealth)
You have sharp claws.
You have razor-sharp teeth.
You have supernaturally acute eyesight. (SInv)
You cover ground quickly.
You are covered in thick fur. (AC +2)
Your sharp claws are effective at attacking unaware monsters.


Message History

The searing ray hits the jackal!
You kill the jackal!
The searing ray hits the orc!
You kill the orc!
You see here a jackal corpse.
You start resting.
Magic restored.
You see here a jackal corpse.
You see here the felid corpse of inc.
You see here the felid corpse of inc.
You see here a jackal corpse.
You see here a jackal corpse.
Ijyb shouts!
Ijyb zaps a wand.
The mass of ice explodes!
The iceblast engulfs you!
Ouch! That really hurt!
* * * LOW HITPOINT WARNING * * *
You see here a jackal corpse.
You see here a jackal skeleton.
You see here the felid skeleton of inc.
Are you sure you want to abandon this character and quit the game? (Confirm with "yes".)

#..######.# ##.......
#### #.# #...##... #.#
##..#####. ##.###..##
#. ### #..##..## ##.
#.## #..#..## #..
##.#####.....# ##..
###..........## ###..#
#...#>@......#####....#
###......#..###........
###.............###..)
##.........###..## #...
#.####.....# ##..# #..#
### #.###.# ##.# #..#
#.# #.# #.##..# ### ###
#.#.## #..#


There were no monsters in sight!

Vanquished Creatures
  A phantom (D:4)
  Terence (D:3)
  A killer bee zombie (D:3)
  7 gnolls
  A howler monkey skeleton (D:4)
  4 adders
  2 dart slugs (D:2)
  2 leopard geckos (D:1)
  5 orcs
  6 giant cockroaches
  6 hobgoblins (D:1)
  19 jackals
  2 kobolds (D:1)
  3 ball pythons
  4 bats (D:1)
  4 frilled lizards
  7 goblins
  7 rats
82 creatures vanquished.

Vanquished Creatures (others)
  6 plants (D:2)
6 creatures vanquished.

Grand Total: 88 creatures vanquished

Notes
Turn   | Place    | Note
-------+----------+-------------------------------------------
     0 | D:1      | inc the Felid Conjurer began the quest for the Orb.
     0 | D:1      | Reached XP level 1. HP: 7/7 MP: 4/4
   294 | D:1      | Reached skill level 4 in Conjurations
   340 | D:1      | Reached XP level 2. HP: 11/11 MP: 1/6
   350 | D:2      | Learned a level 2 spell: Searing Ray
   724 | D:2      | Found a faded altar of an unknown god.
   876 | D:2      | Reached XP level 3. HP: 14/14 MP: 4/7
  1346 | D:2      | Reached XP level 4. HP: 10/18 MP: 1/9
  2627 | D:3      | Reached XP level 5. HP: 21/21 MP: 5/12
  2955 | D:3      | Noticed Terence
  2997 | D:3      | Killed Terence
  3325 | D:3      | Reached skill level 5 in Conjurations
  3812 | D:4      | Found a glowing golden altar of the Shining One.
  4005 | D:4      | Noticed a phantom
  4012 | D:4      | Killed a phantom
  4013 | D:4      | Gained mutation: You are covered in thick fur. (AC +2)
                  | [Felid growth]
  4013 | D:4      | Reached XP level 6. HP: 20/24 MP: 5/13
  4226 | D:4      | Noticed Ijyb
  4243 | D:4      | Killed from afar by Ijyb
  4244 | D:4      | Reached XP level 5. HP: -5/21 MP: 2/12
  4373 | D:4      | Found an iron altar of Okawaru.
  4488 | D:4      | Quit the game

Illustrated notes

Levels and vault maps discovered:
D:1:      dpeg_arrival_rooms_with_view, layout_basic
D:2:      layout_basic, chequers_ecumenical_altar_lobes, serial_glass,
          glass_columns_c, glass_columns_b, minmay_strange_pillars,
          due_unseen_surprise, feat_on_display, serial_bayou_lake_a
D:3:      layout_loops_corners, uniq_terence
D:4:      layout_layer_cave, overflow_temple_1_default,
          nicolae_overflow_crystal_walls, tso_altar, uniq_ijyb,
          uniq_crazy_yiuf_cottage

Skill      XL: |  1  2  3  4  5 |
---------------+----------------+-----
Conjurations   | 4 5 |  5.6
Spellcasting   | 3 4 |  4.4
Dodging        | |  2.7
Stealth        | |  2.7

Action                   |  1- 3 |  4- 6 || total
-------------------------+-------+-------++-------
 Cast: Magic Dart        |    25 |    60 ||    85
       Searing Ray       |     9 |    23 ||    32
Armor: Skin              |       |     2 ||     2
Dodge: Dodged            |     6 |    32 ||    38
